Maple Leafs vs Oilers
(R1)
Created - May 30, 2021 at 19:58
Goals
|
| Maple Leafs |
0 |
2 |
0 |
2 |
| Oilers |
0 |
0 |
1 |
1 |
|
Shots
|
| Maple Leafs |
17 |
10 |
8 |
35 |
| Oilers |
6 |
5 |
9 |
20 |
|
1st period
No Goal
Penalties :
Calvin de Haan (Tor) for Holding (Minor) at 6:41, Adam Larsson (EDM) for Hooking (Minor) at 9:15, Phil Kessel (EDM) for Hooking (Minor) at 15:39
2nd period
1. Maple Leafs , Kevin Shattenkirk 3 (John Klingberg 7) at 8:54
2. Maple Leafs , Patrick Kane 8 (Claude Giroux 10, Calvin de Haan 3) at 14:55
Penalties :
Jonas Gustavsson (EDM) for Slashing (Double Minor) at 4:08 - Jordan Eberle served the penalty, Denis Grebeshkov (EDM) for Holding (Minor) at 9:43, Darnell Nurse (EDM) for Hooking (Minor) at 12:17, Beau Bennett (Tor) for Roughing (Minor) at 17:45
3rd period
3. Oilers , Jordan Eberle 7 (Rasmus Ristolainen 11, Taylor Hall 9) at 2:03
Penalties :
Ryan Parent (Tor) for Hooking (Minor) at 6:07, Denis Grebeshkov (EDM) for Hooking (Minor) at 12:22, Adam Larsson (EDM) for Hooking (Minor) at 15:24
Goalie Stats
John Gibson (Tor), 19 saves from 20 shots - (0.950), W, 9-2-0, 60:00 minutes
Jonas Gustavsson (EDM), 33 saves from 35 shots - (0.943), L, 0-3-0, 59:51 minutes
Players Stats for Maple Leafs
Player Name G A P +/- PIM S H SB GA TA FO MP PP MP PK MP
------------------------------------------------------------------------------------
Andre Burakovsky 0 0 0 -1 0 2 2 0 0 0 0/0 8:39 0:00 0:07
Beau Bennett 0 0 0 -1 2 0 0 0 0 0 0/0 8:46 0:00 0:00
Ben Smith 0 0 0 1 0 2 1 1 1 0 1/3 16:34 7:19 0:00
Blake Comeau 0 0 0 0 0 1 0 0 0 0 1/1 6:54 0:55 0:10
Bo Horvat 0 0 0 1 0 1 1 0 0 0 7/20 13:07 0:00 0:00
Brayden Schenn 0 0 0 -1 0 1 2 0 1 0 3/12 18:51 7:36 1:59
Braydon Coburn 0 0 0 0 0 2 1 0 0 0 0/0 21:10 6:32 2:56
Calvin de Haan 0 1 1 1 2 1 0 0 0 0 0/0 10:09 0:00 0:10
Claude Giroux 0 1 1 1 0 5 3 0 0 0 2/2 24:56 7:20 3:17
Dany Heatley 0 0 0 0 0 0 0 0 0 0 0/1 9:03 1:12 1:31
Hampus Lindholm 0 0 0 0 0 0 0 0 0 1 0/0 21:10 6:32 2:56
Jake Guentzel 0 0 0 1 0 1 0 0 0 0 0/0 16:30 7:19 0:00
John Klingberg 0 1 1 0 0 3 1 0 0 1 0/0 28:40 9:21 2:51
Kevin Shattenkirk 1 0 1 0 0 5 1 2 0 0 0/0 28:40 9:21 2:51
Logan Couture 0 0 0 1 0 1 4 1 0 0 5/11 19:51 7:19 3:19
Mika Zibanejad 0 0 0 0 0 2 0 0 0 0 3/4 8:03 1:17 0:39
Patrick Kane 1 0 1 1 0 7 2 0 1 1 0/0 22:56 7:22 1:02
Ryan Parent 0 0 0 1 2 1 0 0 0 0 0/0 10:01 0:00 0:00
Players Stats for Oilers
Player Name G A P +/- PIM S H SB GA TA FO MP PP MP PK MP
------------------------------------------------------------------------------------
Adam Larsson 0 0 0 1 4 2 2 2 0 0 0/0 23:58 0:18 6:15
Brandon Sutter 0 0 0 0 0 0 2 0 0 1 6/10 17:23 0:33 4:51
Connor McDavid 0 0 0 0 0 0 1 2 0 0 0/3 10:16 2:39 0:43
Darnell Nurse 0 0 0 -1 2 0 1 1 0 1 0/0 18:33 3:40 7:10
Denis Grebeshkov 0 0 0 -1 4 0 2 1 0 0 0/0 21:19 0:00 5:41
Henrik Zetterberg 0 0 0 -1 0 1 0 0 0 0 19/32 22:49 2:45 8:20
James Neal 0 0 0 0 0 3 0 0 1 0 0/0 10:11 0:11 2:40
Jordan Eberle 1 0 1 -1 0 3 0 0 0 0 0/0 18:06 2:45 3:30
Kevin Porter 0 0 0 0 0 1 1 0 0 0 3/3 7:17 0:00 0:00
Leon Draisaitl 0 0 0 0 0 0 0 0 0 0 0/0 14:36 2:45 0:00
Nikolai Kulemin 0 0 0 0 0 1 0 1 0 1 1/2 10:44 0:00 3:11
Oscar Klefbom 0 0 0 -1 0 1 3 1 0 0 0/0 15:46 2:47 5:05
Pavel Buchnevich 0 0 0 0 0 1 0 0 0 0 0/0 7:17 0:00 0:00
Phil Kessel 0 0 0 0 2 2 3 0 0 0 0/1 14:48 3:01 0:00
Rasmus Ristolainen 0 1 1 1 0 1 0 0 2 0 0/0 17:02 2:52 0:00
Riley Sheahan 0 0 0 0 0 0 1 0 0 0 1/1 15:43 0:11 8:31
Taylor Hall 0 1 1 -1 0 4 2 1 0 0 2/2 14:49 3:01 0:00
Tobias Enstrom 0 0 0 -1 0 0 1 0 0 0 0/0 23:24 2:17 7:35
3 Stars
1 - Patrick Kane (Tor)
2 - Jonas Gustavsson (EDM)
3 - Kevin Shattenkirk (Tor)
Power Play
Maple Leafs - 0 on 7 Attempt(s) - 0.00%
Oilers - 0 on 3 Attempt(s) - 0.00%
Penalty Kill
Maple Leafs - 3 on 3 Attempt(s) - 100.00%
- Score 0 goal in Penalty Kill
Oilers - 7 on 7 Attempt(s) - 100.00%
- Score 0 goal in Penalty Kill
Team Stat
Maple Leafs - Hits : 18 - Faceoff Wins : 22 - Blocked Shots : 4 - Penalty Minutes : 6
Oilers - Hits : 19 - Faceoff Wins : 32 - Blocked Shots : 9 - Penalty Minutes : 16
Official
Referees : Unknown
Linesman : Unknown
Game Notes
No Game Note
Finance
Level 1 -- Attendance: 6000 (100.00%) -- Ticket Income $660,000
Level 2 -- Attendance: 5000 (100.00%) -- Ticket Income $350,000
Level 3 -- Attendance: 2000 (100.00%) -- Ticket Income $92,000
Level 4 -- Attendance: 4000 (100.00%) -- Ticket Income $120,000
Luxury Box -- Attendance: 1000 (100.00%) -- Ticket Income $180,000
Game was played at the Rogers Arena.
Total Attendance: 18000 (100.00%)
Total Ticket Income: $1,402,000
Other Income: $210,300
Total Income: $1,612,300
Maple Leafs
5 vs 5 Forward
Center Left Wing Right Wing Time % Phy DF OF
1 Bo Horvat Claude Giroux Patrick Kane 40 1 2 2
2 Logan Couture Jake Guentzel Ben Smith 30 1 2 2
3 Brayden Schenn Andre Burakovsky Beau Bennett 20 1 2 2
4 Mika Zibanejad Dany Heatley Blake Comeau 10 1 2 2
5 vs 5 Defense
Defense Defense Time % Phy DF OF
1 Kevin Shattenkirk John Klingberg 40 1 2 2
2 Braydon Coburn Hampus Lindholm 30 1 2 2
3 Ryan Parent Calvin de Haan 20 1 2 2
4 Kevin Shattenkirk John Klingberg 10 1 2 2
PowerPlay Forward
Center Left Wing Right Wing Time % Phy DF OF
1 Brayden Schenn Claude Giroux Patrick Kane 60 1 2 2
2 Logan Couture Jake Guentzel Ben Smith 40 1 2 2
PowerPlay Defense
Defense Defense Time % Phy DF OF
1 Kevin Shattenkirk John Klingberg 60 1 2 2
2 Braydon Coburn Hampus Lindholm 40 1 2 2
Penalty Kill 4 Players Forward
Center Wing Time % Phy DF OF
1 Logan Couture Claude Giroux 60 1 2 2
2 Brayden Schenn Patrick Kane 40 1 2 2
Penalty Kill 4 Players Defense
Defense Defense Time % Phy DF OF
1 Kevin Shattenkirk John Klingberg 60 1 2 2
2 Braydon Coburn Hampus Lindholm 40 1 2 2
Penalty Kill - 3 Players Forward
Forward Time % Phy DF OF
1 Brayden Schenn 60 1 2 2
2 Logan Couture 40 1 2 2
Penalty Kill - 3 Players Defense
Defense Defense Time % Phy DF OF
1 Kevin Shattenkirk John Klingberg 60 1 2 2
2 Braydon Coburn Hampus Lindholm 40 1 2 2
4 vs 4 Forward
Center Wing Time % Phy DF OF
1 Logan Couture Patrick Kane 60 1 2 2
2 Brayden Schenn Claude Giroux 40 1 2 2
4 vs 4 Defense
Defense Defense Time % Phy DF OF
1 Kevin Shattenkirk John Klingberg 60 1 2 2
2 Braydon Coburn Hampus Lindholm 40 1 2 2
Last Minutes Offensive
Center Left Wing Right Wing Defense Defense
Brayden Schenn Claude Giroux Patrick Kane Kevin Shattenkirk John Klingberg
Last Minutes Defensive
Center Left Wing Right Wing Defense Defense
Brayden Schenn Claude Giroux Patrick Kane Kevin Shattenkirk Braydon Coburn
Goaltenders
Starting : John Gibson
Backup : Tyler Weiman
Extra Forwards
Normal : Mika Zibanejad, Dany Heatley, Brayden Schenn - PP : Mika Zibanejad, Dany Heatley - PK : Logan Couture
Extra Defensemen
Normal : Ryan Parent, Calvin de Haan, Braydon Coburn - PP : Ryan Parent - PK : Calvin de Haan, Braydon Coburn
Penalty Shots
Claude Giroux, Patrick Kane, Brayden Schenn, Ben Smith, Logan Couture
Scratches
Chris Kelly (Healthy)
Oilers
5 vs 5 Forward
Center Left Wing Right Wing Time % Phy DF OF
1 Henrik Zetterberg Taylor Hall Jordan Eberle 40 1 2 2
2 Brandon Sutter Leon Draisaitl Phil Kessel 30 1 2 2
3 Connor McDavid James Neal Riley Sheahan 20 1 2 2
4 Kevin Porter Nikolai Kulemin Pavel Buchnevich 10 1 2 2
5 vs 5 Defense
Defense Defense Time % Phy DF OF
1 Adam Larsson Rasmus Ristolainen 40 1 2 2
2 Tobias Enstrom Denis Grebeshkov 30 1 2 2
3 Darnell Nurse Oscar Klefbom 20 1 2 2
4 Adam Larsson Denis Grebeshkov 10 1 2 2
PowerPlay Forward
Center Left Wing Right Wing Time % Phy DF OF
1 Connor McDavid Taylor Hall Phil Kessel 60 1 2 2
2 Henrik Zetterberg Leon Draisaitl Jordan Eberle 40 1 2 2
PowerPlay Defense
Defense Defense Time % Phy DF OF
1 Darnell Nurse Rasmus Ristolainen 60 1 2 2
2 Oscar Klefbom Tobias Enstrom 40 1 2 2
Penalty Kill 4 Players Forward
Center Wing Time % Phy DF OF
1 Henrik Zetterberg Riley Sheahan 60 1 2 2
2 Brandon Sutter Jordan Eberle 40 1 2 2
Penalty Kill 4 Players Defense
Defense Defense Time % Phy DF OF
1 Adam Larsson Darnell Nurse 60 1 2 2
2 Denis Grebeshkov Tobias Enstrom 40 1 2 2
Penalty Kill - 3 Players Forward
Forward Time % Phy DF OF
1 Henrik Zetterberg 60 1 2 2
2 Jordan Eberle 40 1 2 2
Penalty Kill - 3 Players Defense
Defense Defense Time % Phy DF OF
1 Tobias Enstrom Rasmus Ristolainen 60 1 2 2
2 Darnell Nurse Denis Grebeshkov 40 1 2 2
4 vs 4 Forward
Center Wing Time % Phy DF OF
1 Brandon Sutter Jordan Eberle 60 1 2 2
2 Henrik Zetterberg Riley Sheahan 40 1 2 2
4 vs 4 Defense
Defense Defense Time % Phy DF OF
1 Tobias Enstrom Rasmus Ristolainen 60 1 2 2
2 Darnell Nurse Denis Grebeshkov 40 1 2 2
Last Minutes Offensive
Center Left Wing Right Wing Defense Defense
Henrik Zetterberg Taylor Hall Jordan Eberle Tobias Enstrom Rasmus Ristolainen
Last Minutes Defensive
Center Left Wing Right Wing Defense Defense
Henrik Zetterberg Taylor Hall Jordan Eberle Tobias Enstrom Rasmus Ristolainen
Goaltenders
Starting : Jonas Gustavsson
Backup : James Reimer
Extra Forwards
Normal : Leon Draisaitl, Connor McDavid, Nikolai Kulemin - PP : Leon Draisaitl, Connor McDavid - PK : Nikolai Kulemin
Extra Defensemen
Normal : Adam Larsson, Oscar Klefbom, Darnell Nurse - PP : Adam Larsson - PK : Oscar Klefbom, Darnell Nurse
Penalty Shots
Taylor Hall, Jordan Eberle, Phil Kessel, Riley Sheahan, Henrik Zetterberg
Scratches
Anton Volchenkov (Healthy), Jordan Caron (Healthy), Mike Smith (Healthy)
% Time on Ice - Maple Leafs
Lines # - Real PCT - Wanted PCT - Time Play
Normal Forward
1 - 36% - 40% - 13:13
2 - 26% - 30% - 9:38
3 - 23% - 20% - 8:32
4 - 15% - 10% - 5:41
Normal Defense
1 - 40% - 40% - 15:00
2 - 32% - 30% - 11:42
3 - 27% - 20% - 10:00
4 - 1% - 10% - 0:22
PP Forward
1 - 50% - 60% - 8:00
2 - 50% - 40% - 7:53
PP Defense
1 - 59% - 60% - 9:21
2 - 41% - 40% - 6:32
PK Forward
1 - 83% - 60% - 4:55
2 - 17% - 40% - 1:02
PK Defense
1 - 51% - 60% - 3:01
2 - 49% - 40% - 2:56
PK3 Forward
1 - 0% - 60%
2 - 0% - 40%
PK3 Defense
1 - 0% - 60%
2 - 0% - 40%
44 Forward
1 - 0% - 60%
2 - 0% - 40%
44 Defense
1 - 0% - 60%
2 - 0% - 40%
Last Minute Offensive - 0:00
Last Minute Defensive - 1:06
Total
Forward - 60:00
Defense - 60:00
|
% Time on Ice - Oilers
Lines # - Real PCT - Wanted PCT - Time Play
Normal Forward
1 - 30% - 40% - 11:12
2 - 32% - 30% - 11:48
3 - 18% - 20% - 6:48
4 - 20% - 10% - 7:17
Normal Defense
1 - 40% - 40% - 14:45
2 - 35% - 30% - 12:53
3 - 19% - 20% - 7:11
4 - 6% - 10% - 2:16
PP Forward
1 - 54% - 60% - 3:12
2 - 46% - 40% - 2:45
PP Defense
1 - 62% - 60% - 3:40
2 - 38% - 40% - 2:17
PK Forward
1 - 68% - 60% - 10:52
2 - 32% - 40% - 5:01
PK Defense
1 - 54% - 60% - 8:38
2 - 46% - 40% - 7:15
PK3 Forward
1 - 0% - 60%
2 - 0% - 40%
PK3 Defense
1 - 0% - 60%
2 - 0% - 40%
44 Forward
1 - 0% - 60%
2 - 0% - 40%
44 Defense
1 - 0% - 60%
2 - 0% - 40%
Last Minute Offensive - 1:05
Last Minute Defensive - 0:00
Total
Forward - 60:00
Defense - 60:00
|
Play-by-Play
1st period
0:01 of 1st period - Bo Horvat wins face-off versus Henrik Zetterberg in neutral zone.
0:03 of 1st period - Off-side.
0:04 of 1st period - Bo Horvat wins face-off versus Henrik Zetterberg in neutral zone.
1:13 of 1st period - Wrist shot by Pavel Buchnevich.
1:13 of 1st period - Deflect By Nikolai Kulemin.
1:13 of 1st period - Shot Misses the Net.
1:13 of 1st period - Puck is out of play.
1:14 of 1st period - Kevin Porter wins face-off versus Mika Zibanejad in Maple Leafs zone.
1:41 of 1st period - Snap shot by Mika Zibanejad.
1:41 of 1st period - Shot Misses the Net.
1:53 of 1st period - Wrist shot by Mika Zibanejad.
1:53 of 1st period - Stopped by Jonas Gustavsson with a rebound.
1:55 of 1st period - Snap shot by John Klingberg.
1:55 of 1st period - Deflect By Kevin Porter.
1:55 of 1st period - Stopped by Jonas Gustavsson with a rebound.
2:13 of 1st period - Slapshot by Hampus Lindholm.
2:13 of 1st period - Shot Misses the Net.
2:15 of 1st period - Slapshot by Blake Comeau.
2:15 of 1st period - Stopped by Jonas Gustavsson with a rebound.
2:27 of 1st period - Slapshot by Calvin de Haan.
2:27 of 1st period - Stopped by Jonas Gustavsson with a rebound.
2:29 of 1st period - Slapshot by Calvin de Haan.
2:29 of 1st period - Deflect By Mika Zibanejad.
2:29 of 1st period - Shot Blocked by Nikolai Kulemin.
2:29 of 1st period - Puck is out of play.
2:30 of 1st period - Henrik Zetterberg wins face-off versus Bo Horvat in Oilers zone.
2:30 of 1st period - Henrik Zetterberg is hit by Claude Giroux.
2:42 of 1st period - Snap shot by Taylor Hall.
2:42 of 1st period - Stopped by John Gibson without a rebound.
2:43 of 1st period - Logan Couture wins face-off versus Brandon Sutter in Maple Leafs zone.
3:35 of 1st period - Wrist shot by James Neal.
3:35 of 1st period - Stopped by John Gibson with a rebound.
3:43 of 1st period - Snap shot by Connor McDavid.
3:43 of 1st period - Shot Misses the Net.
3:53 of 1st period - Braydon Coburn is hit by Phil Kessel and loses puck.
4:00 of 1st period - Brayden Schenn is hit by Adam Larsson and loses puck.
4:14 of 1st period - Icing by Tobias Enstrom.
4:15 of 1st period - Henrik Zetterberg wins face-off versus Logan Couture in Oilers zone.
4:48 of 1st period - Snap shot by Henrik Zetterberg.
4:48 of 1st period - Deflect By Taylor Hall.
4:48 of 1st period - Shot Blocked by Logan Couture.
4:48 of 1st period - Puck is out of play.
4:49 of 1st period - Brandon Sutter wins face-off versus Bo Horvat in Maple Leafs zone.
4:50 of 1st period - Wrist shot by Phil Kessel.
4:50 of 1st period - Stopped by John Gibson without a rebound.
4:51 of 1st period - Brandon Sutter wins face-off versus Bo Horvat in Maple Leafs zone.
5:18 of 1st period - Snap shot by Claude Giroux.
5:18 of 1st period - Stopped by Jonas Gustavsson with a rebound.
5:28 of 1st period - Backhand shot by Kevin Shattenkirk.
5:28 of 1st period - Stopped by Jonas Gustavsson with a rebound.
6:06 of 1st period - Wrist shot by Phil Kessel.
6:06 of 1st period - Shot Misses the Net.
6:30 of 1st period - Rasmus Ristolainen is hit by Brayden Schenn and loses puck.
6:41 of 1st period - Minor Penalty to Calvin de Haan for Holding.
6:42 of 1st period - Logan Couture wins face-off versus Connor McDavid in Maple Leafs zone.
7:29 of 1st period - Brayden Schenn is hit by Oscar Klefbom and loses puck.
7:36 of 1st period - Oscar Klefbom is hit by Patrick Kane and loses puck.
8:41 of 1st period - Penalty to Calvin de Haan is over, Calvin de Haan is back on ice.
8:47 of 1st period - Hampus Lindholm is hit by Riley Sheahan.
9:15 of 1st period - Minor Penalty to Adam Larsson for Hooking.
9:16 of 1st period - Brayden Schenn wins face-off versus Henrik Zetterberg in Oilers zone.
9:19 of 1st period - Wrist shot by Patrick Kane.
9:19 of 1st period - Stopped by Jonas Gustavsson without a rebound.
9:20 of 1st period - Henrik Zetterberg wins face-off versus Brayden Schenn in Oilers zone.
9:31 of 1st period - Slapshot by John Klingberg.
9:31 of 1st period - Stopped by Jonas Gustavsson with a rebound.
9:52 of 1st period - Wrist shot by Jake Guentzel.
9:52 of 1st period - Stopped by Jonas Gustavsson without a rebound.
9:53 of 1st period - Brandon Sutter wins face-off versus Logan Couture in Oilers zone.
11:15 of 1st period - Penalty to Adam Larsson is over, Adam Larsson is back on ice.
11:16 of 1st period - Logan Couture is hit by Darnell Nurse and loses puck.
11:25 of 1st period - Snap shot by James Neal.
11:25 of 1st period - Stopped by John Gibson with a rebound.
11:27 of 1st period - Snap shot by James Neal.
11:27 of 1st period - Deflect By Nikolai Kulemin.
11:27 of 1st period - Shot Misses the Net.
11:27 of 1st period - Puck is out of play.
11:28 of 1st period - Mika Zibanejad wins face-off versus Phil Kessel in Maple Leafs zone.
11:33 of 1st period - Snap shot by Blake Comeau.
11:33 of 1st period - Shot Misses the Net.
11:35 of 1st period - Slapshot by Ryan Parent.
11:35 of 1st period - Stopped by Jonas Gustavsson with a rebound.
11:37 of 1st period - Snap shot by Calvin de Haan.
11:37 of 1st period - Shot Misses the Net.
11:44 of 1st period - Icing by Rasmus Ristolainen.
11:45 of 1st period - Brandon Sutter wins face-off versus Bo Horvat in Oilers zone.
12:16 of 1st period - Slapshot by Kevin Shattenkirk.
12:16 of 1st period - Deflect By Jordan Eberle.
12:16 of 1st period - Stopped by Jonas Gustavsson with a rebound.
12:18 of 1st period - Wrist shot by Ben Smith.
12:18 of 1st period - Stopped by Jonas Gustavsson without a rebound.
12:19 of 1st period - Claude Giroux wins face-off versus Henrik Zetterberg in Oilers zone.
12:30 of 1st period - Snap shot by Patrick Kane.
12:30 of 1st period - Shot Misses the Net.
12:32 of 1st period - Slapshot by Hampus Lindholm.
12:32 of 1st period - Deflect By Patrick Kane.
12:32 of 1st period - Stopped by Jonas Gustavsson without a rebound.
12:33 of 1st period - Henrik Zetterberg wins face-off versus Bo Horvat in Oilers zone.
12:50 of 1st period - Wrist shot by Henrik Zetterberg.
12:50 of 1st period - Shot Misses the Net.
13:02 of 1st period - Icing by Darnell Nurse.
13:03 of 1st period - Brandon Sutter wins face-off versus Logan Couture in Oilers zone.
13:10 of 1st period - Snap shot by Phil Kessel.
13:10 of 1st period - Stopped by John Gibson without a rebound.
13:11 of 1st period - Bo Horvat wins face-off versus Henrik Zetterberg in Maple Leafs zone.
13:20 of 1st period - Slapshot by Claude Giroux.
13:20 of 1st period - Stopped by Jonas Gustavsson without a rebound.
13:21 of 1st period - Henrik Zetterberg wins face-off versus Bo Horvat in Oilers zone.
13:30 of 1st period - Snap shot by Taylor Hall.
13:30 of 1st period - Stopped by John Gibson without a rebound.
13:31 of 1st period - Bo Horvat wins face-off versus Henrik Zetterberg in Maple Leafs zone.
14:06 of 1st period - Snap shot by Kevin Shattenkirk.
14:06 of 1st period - Stopped by Jonas Gustavsson without a rebound.
14:07 of 1st period - Brandon Sutter wins face-off versus Brayden Schenn in Oilers zone.
14:07 of 1st period - Brandon Sutter is hit by Brayden Schenn.
14:15 of 1st period - Brayden Schenn is hit by Oscar Klefbom and loses puck.
15:01 of 1st period - Wrist shot by Ben Smith.
15:01 of 1st period - Stopped by Jonas Gustavsson with a rebound.
15:17 of 1st period - Blake Comeau is hit by Adam Larsson and loses puck.
15:39 of 1st period - Minor Penalty to Phil Kessel for Hooking.
15:40 of 1st period - Henrik Zetterberg wins face-off versus Brayden Schenn in Oilers zone.
15:48 of 1st period - John Klingberg is hit by Tobias Enstrom and loses puck.
16:28 of 1st period - Icing by Braydon Coburn.
16:29 of 1st period - Claude Giroux wins face-off versus Brandon Sutter in Maple Leafs zone.
17:01 of 1st period - Slapshot by Logan Couture.
17:01 of 1st period - Stopped by Jonas Gustavsson with a rebound.
17:39 of 1st period - Penalty to Phil Kessel is over, Phil Kessel is back on ice.
19:00 of 1st period - Wrist shot by Brayden Schenn.
19:00 of 1st period - Shot Misses the Net.
19:46 of 1st period - Tobias Enstrom is hit by Bo Horvat and loses puck.
Goals for this period are 0 for Maple Leafs vs 0 for Oilers.
Shots for this period are 17 for Maple Leafs vs 6 for Oilers.
2nd period
0:01 of 2nd period - Taylor Hall wins face-off versus Bo Horvat in neutral zone.
0:11 of 2nd period - Wrist shot by Patrick Kane.
0:11 of 2nd period - Stopped by Jonas Gustavsson with a rebound.
2:01 of 2nd period - Slapshot by Phil Kessel.
2:01 of 2nd period - Shot Misses the Net.
2:07 of 2nd period - Wrist shot by Jake Guentzel.
2:07 of 2nd period - Shot Misses the Net.
2:27 of 2nd period - Backhand shot by Kevin Shattenkirk.
2:27 of 2nd period - Shot Blocked by Adam Larsson.
2:29 of 2nd period - Snap shot by Brayden Schenn.
2:29 of 2nd period - Shot Misses the Net.
2:51 of 2nd period - Snap shot by Henrik Zetterberg.
2:51 of 2nd period - Shot Blocked by Kevin Shattenkirk.
4:08 of 2nd period - Snap shot by Patrick Kane.
4:08 of 2nd period - Stopped by Jonas Gustavsson without a rebound.
4:08 of 2nd period - Double Minor Penalty to Jonas Gustavsson for Slashing.
4:09 of 2nd period - Henrik Zetterberg wins face-off versus Brayden Schenn in Oilers zone.
4:25 of 2nd period - Snap shot by Patrick Kane.
4:25 of 2nd period - Deflect By Riley Sheahan.
4:25 of 2nd period - Stopped by Jonas Gustavsson without a rebound.
4:26 of 2nd period - Henrik Zetterberg wins face-off versus Brayden Schenn in Oilers zone.
5:57 of 2nd period - Icing by Jake Guentzel.
5:58 of 2nd period - Henrik Zetterberg wins face-off versus Brayden Schenn in Maple Leafs zone.
6:25 of 2nd period - Patrick Kane is hit by Brandon Sutter and loses puck.
7:22 of 2nd period - Adam Larsson is hit by Braydon Coburn and loses puck.
7:27 of 2nd period - Slapshot by Kevin Shattenkirk.
7:27 of 2nd period - Shot Blocked by Adam Larsson.
7:53 of 2nd period - Denis Grebeshkov is hit by Logan Couture and loses puck.
8:08 of 2nd period - Penalty to Jordan Eberle is over, Jordan Eberle is back on ice.
8:20 of 2nd period - Icing by John Klingberg.
8:21 of 2nd period - Kevin Porter wins face-off versus Dany Heatley in Maple Leafs zone.
8:26 of 2nd period - Snap shot by Pavel Buchnevich.
8:26 of 2nd period - Stopped by John Gibson with a rebound.
8:34 of 2nd period - Snap shot by Andre Burakovsky.
8:34 of 2nd period - Stopped by Jonas Gustavsson with a rebound.
8:36 of 2nd period - Slapshot by Andre Burakovsky.
8:36 of 2nd period - Stopped by Jonas Gustavsson without a rebound.
8:37 of 2nd period - Henrik Zetterberg wins face-off versus Logan Couture in Oilers zone.
8:37 of 2nd period - Henrik Zetterberg is hit by Logan Couture.
8:54 of 2nd period - Slapshot by Kevin Shattenkirk.
8:54 of 2nd period - Deflect By Jordan Eberle.
8:54 of 2nd period - Goal by Kevin Shattenkirk - Maple Leafs : 1 - Oilers : 0.
8:55 of 2nd period - Bo Horvat wins face-off versus Henrik Zetterberg in neutral zone.
8:58 of 2nd period - Jordan Eberle is hit by Claude Giroux and loses puck.
9:34 of 2nd period - Slapshot by Rasmus Ristolainen.
9:34 of 2nd period - Shot Blocked by Ben Smith.
9:43 of 2nd period - Minor Penalty to Denis Grebeshkov for Holding.
9:44 of 2nd period - Riley Sheahan wins face-off versus Brayden Schenn in Oilers zone.
9:52 of 2nd period - Darnell Nurse is hit by Patrick Kane and loses puck.
10:36 of 2nd period - Oscar Klefbom is hit by Claude Giroux and loses puck.
11:38 of 2nd period - Claude Giroux is hit by Oscar Klefbom.
11:43 of 2nd period - Penalty to Denis Grebeshkov is over, Denis Grebeshkov is back on ice.
11:50 of 2nd period - Kevin Shattenkirk is hit by Phil Kessel and loses puck.
12:11 of 2nd period - Snap shot by Andre Burakovsky.
12:11 of 2nd period - Deflect By Mika Zibanejad.
12:11 of 2nd period - Stopped by Jonas Gustavsson with a rebound.
12:17 of 2nd period - Minor Penalty to Darnell Nurse for Hooking.
12:18 of 2nd period - Henrik Zetterberg wins face-off versus Logan Couture in Oilers zone.
14:09 of 2nd period - Icing by Logan Couture.
14:10 of 2nd period - Logan Couture wins face-off versus Brandon Sutter in Maple Leafs zone.
14:17 of 2nd period - Penalty to Darnell Nurse is over, Darnell Nurse is back on ice.
14:29 of 2nd period - Slapshot by Adam Larsson.
14:29 of 2nd period - Stopped by John Gibson with a rebound.
14:31 of 2nd period - Wrist shot by Nikolai Kulemin.
14:31 of 2nd period - Stopped by John Gibson with a rebound.
14:33 of 2nd period - Slapshot by Adam Larsson.
14:33 of 2nd period - Stopped by John Gibson without a rebound.
14:34 of 2nd period - Henrik Zetterberg wins face-off versus Bo Horvat in Maple Leafs zone.
14:41 of 2nd period - Snap shot by Henrik Zetterberg.
14:41 of 2nd period - Stopped by John Gibson without a rebound.
14:42 of 2nd period - Bo Horvat wins face-off versus Henrik Zetterberg in Maple Leafs zone.
14:55 of 2nd period - Snap shot by Patrick Kane.
14:55 of 2nd period - Goal by Patrick Kane - Maple Leafs : 2 - Oilers : 0.
14:56 of 2nd period - Bo Horvat wins face-off versus Henrik Zetterberg in neutral zone.
15:28 of 2nd period - Ben Smith is hit by Brandon Sutter and loses puck.
16:05 of 2nd period - Mika Zibanejad is hit by Denis Grebeshkov and loses puck.
17:19 of 2nd period - Snap shot by Ben Smith.
17:19 of 2nd period - Shot Blocked by Denis Grebeshkov.
17:39 of 2nd period - Adam Larsson is hit by Andre Burakovsky and loses puck.
17:45 of 2nd period - Minor Penalty to Beau Bennett for Roughing.
17:46 of 2nd period - Logan Couture wins face-off versus Connor McDavid in Maple Leafs zone.
17:54 of 2nd period - Slapshot by Claude Giroux.
17:54 of 2nd period - Stopped by Jonas Gustavsson with a rebound.
17:56 of 2nd period - Snap shot by Claude Giroux.
17:56 of 2nd period - Stopped by Jonas Gustavsson with a rebound.
17:58 of 2nd period - Snap shot by John Klingberg.
17:58 of 2nd period - Shot Blocked by Taylor Hall.
18:58 of 2nd period - Hampus Lindholm is hit by Connor McDavid and loses puck.
19:20 of 2nd period - Icing by Rasmus Ristolainen.
19:21 of 2nd period - Brayden Schenn wins face-off versus Henrik Zetterberg in Oilers zone.
19:45 of 2nd period - Penalty to Beau Bennett is over, Beau Bennett is back on ice.
Goals for this period are 2 for Maple Leafs vs 0 for Oilers.
Shots for this period are 10 for Maple Leafs vs 5 for Oilers.
3rd period
0:01 of 3rd period - Henrik Zetterberg wins face-off versus Bo Horvat in neutral zone.
0:06 of 3rd period - Slapshot by Rasmus Ristolainen.
0:06 of 3rd period - Shot Misses the Net.
0:32 of 3rd period - Snap shot by Leon Draisaitl.
0:32 of 3rd period - Shot Misses the Net.
0:55 of 3rd period - Off-side.
0:56 of 3rd period - Henrik Zetterberg wins face-off versus Bo Horvat in neutral zone.
1:03 of 3rd period - Snap shot by Taylor Hall.
1:03 of 3rd period - Stopped by John Gibson with a rebound.
1:13 of 3rd period - Snap shot by Taylor Hall.
1:13 of 3rd period - Stopped by John Gibson with a rebound.
1:48 of 3rd period - Snap shot by Ben Smith.
1:48 of 3rd period - Deflect By James Neal.
1:48 of 3rd period - Shot Misses the Net.
1:48 of 3rd period - Puck is out of play.
1:49 of 3rd period - Taylor Hall wins face-off versus Brayden Schenn in Oilers zone.
1:49 of 3rd period - Taylor Hall is hit by Andre Burakovsky.
1:57 of 3rd period - Snap shot by Rasmus Ristolainen.
1:57 of 3rd period - Shot Misses the Net.
1:59 of 3rd period - Wrist shot by Jordan Eberle.
1:59 of 3rd period - Stopped by John Gibson with a rebound.
2:01 of 3rd period - Slapshot by Rasmus Ristolainen.
2:01 of 3rd period - Shot Blocked by Kevin Shattenkirk.
2:03 of 3rd period - Slapshot by Jordan Eberle.
2:03 of 3rd period - Goal by Jordan Eberle - Maple Leafs : 2 - Oilers : 1.
2:04 of 3rd period - Henrik Zetterberg wins face-off versus Bo Horvat in neutral zone.
3:26 of 3rd period - Wrist shot by Beau Bennett.
3:26 of 3rd period - Shot Blocked by Connor McDavid.
3:36 of 3rd period - Wrist shot by James Neal.
3:36 of 3rd period - Stopped by John Gibson with a rebound.
4:04 of 3rd period - Wrist shot by Andre Burakovsky.
4:04 of 3rd period - Shot Blocked by Connor McDavid.
4:06 of 3rd period - Slapshot by John Klingberg.
4:06 of 3rd period - Shot Misses the Net.
4:08 of 3rd period - Wrist shot by Andre Burakovsky.
4:08 of 3rd period - Shot Misses the Net.
4:10 of 3rd period - Slapshot by Kevin Shattenkirk.
4:10 of 3rd period - Stopped by Jonas Gustavsson with a rebound.
4:12 of 3rd period - Snap shot by John Klingberg.
4:12 of 3rd period - Stopped by Jonas Gustavsson with a rebound.
4:57 of 3rd period - Off-side.
4:58 of 3rd period - Henrik Zetterberg wins face-off versus Bo Horvat in neutral zone.
5:25 of 3rd period - Bo Horvat is hit by Kevin Porter and loses puck.
5:30 of 3rd period - Snap shot by Pavel Buchnevich.
5:30 of 3rd period - Shot Misses the Net.
5:32 of 3rd period - Slapshot by Oscar Klefbom.
5:32 of 3rd period - Deflect By Claude Giroux.
5:32 of 3rd period - Stopped by John Gibson with a rebound.
5:52 of 3rd period - Wrist shot by Logan Couture.
5:52 of 3rd period - Shot Misses the Net.
5:54 of 3rd period - Slapshot by Braydon Coburn.
5:54 of 3rd period - Stopped by Jonas Gustavsson without a rebound.
5:55 of 3rd period - Ben Smith wins face-off versus Henrik Zetterberg in Oilers zone.
6:07 of 3rd period - Minor Penalty to Ryan Parent for Hooking.
6:08 of 3rd period - Logan Couture wins face-off versus Henrik Zetterberg in Maple Leafs zone.
6:21 of 3rd period - Slapshot by Rasmus Ristolainen.
6:21 of 3rd period - Stopped by John Gibson with a rebound.
6:23 of 3rd period - Snap shot by Jordan Eberle.
6:23 of 3rd period - Stopped by John Gibson with a rebound.
6:25 of 3rd period - Snap shot by Leon Draisaitl.
6:25 of 3rd period - Shot Misses the Net.
7:46 of 3rd period - Icing by Phil Kessel.
7:47 of 3rd period - Mika Zibanejad wins face-off versus Connor McDavid in Oilers zone.
8:07 of 3rd period - Penalty to Ryan Parent is over, Ryan Parent is back on ice.
8:20 of 3rd period - Snap shot by Brayden Schenn.
8:20 of 3rd period - Stopped by Jonas Gustavsson without a rebound.
8:21 of 3rd period - Kevin Porter wins face-off versus Bo Horvat in Oilers zone.
8:47 of 3rd period - Ryan Parent is hit by Denis Grebeshkov and loses puck.
8:54 of 3rd period - Brandon Sutter is hit by John Klingberg and loses puck.
9:17 of 3rd period - Snap shot by Claude Giroux.
9:17 of 3rd period - Shot Misses the Net.
9:19 of 3rd period - Slapshot by Braydon Coburn.
9:19 of 3rd period - Stopped by Jonas Gustavsson with a rebound.
9:21 of 3rd period - Slapshot by Ryan Parent.
9:21 of 3rd period - Shot Misses the Net.
9:23 of 3rd period - Slapshot by Bo Horvat.
9:23 of 3rd period - Stopped by Jonas Gustavsson with a rebound.
10:08 of 3rd period - Patrick Kane is hit by Phil Kessel and loses puck.
10:39 of 3rd period - Wrist shot by Claude Giroux.
10:39 of 3rd period - Shot Blocked by Darnell Nurse.
10:41 of 3rd period - Snap shot by Ryan Parent.
10:41 of 3rd period - Shot Blocked by Oscar Klefbom.
10:43 of 3rd period - Snap shot by Claude Giroux.
10:43 of 3rd period - Shot Misses the Net.
10:47 of 3rd period - Slapshot by Patrick Kane.
10:47 of 3rd period - Shot Misses the Net.
11:35 of 3rd period - Wrist shot by Claude Giroux.
11:35 of 3rd period - Stopped by Jonas Gustavsson without a rebound.
11:36 of 3rd period - Henrik Zetterberg wins face-off versus Ben Smith in Oilers zone.
12:12 of 3rd period - Snap shot by Kevin Porter.
12:12 of 3rd period - Stopped by John Gibson without a rebound.
12:13 of 3rd period - Brayden Schenn wins face-off versus Henrik Zetterberg in Maple Leafs zone.
12:13 of 3rd period - Brayden Schenn is hit by Taylor Hall.
12:22 of 3rd period - Minor Penalty to Denis Grebeshkov for Hooking.
12:23 of 3rd period - Henrik Zetterberg wins face-off versus Logan Couture in Oilers zone.
12:23 of 3rd period - Henrik Zetterberg is hit by Ben Smith.
13:11 of 3rd period - Icing by Dany Heatley.
13:12 of 3rd period - Blake Comeau wins face-off versus Nikolai Kulemin in Maple Leafs zone.
14:15 of 3rd period - Snap shot by Dany Heatley.
14:15 of 3rd period - Shot Misses the Net.
14:22 of 3rd period - Penalty to Denis Grebeshkov is over, Denis Grebeshkov is back on ice.
15:24 of 3rd period - Minor Penalty to Adam Larsson for Hooking.
15:25 of 3rd period - Henrik Zetterberg wins face-off versus Brayden Schenn in Oilers zone.
15:49 of 3rd period - Jordan Eberle is hit by Logan Couture and loses puck.
16:33 of 3rd period - Icing by Ben Smith.
16:34 of 3rd period - Nikolai Kulemin wins face-off versus Ben Smith in Maple Leafs zone.
16:47 of 3rd period - Snap shot by Jordan Eberle.
16:47 of 3rd period - Shot Misses the Net.
17:24 of 3rd period - Penalty to Adam Larsson is over, Adam Larsson is back on ice.
18:06 of 3rd period - Claude Giroux is hit by Taylor Hall and loses puck.
18:11 of 3rd period - Snap shot by Taylor Hall.
18:11 of 3rd period - Shot Misses the Net.
18:13 of 3rd period - Slapshot by Taylor Hall.
18:13 of 3rd period - Shot Misses the Net.
18:25 of 3rd period - Leon Draisaitl is hit by Logan Couture and loses puck.
18:33 of 3rd period - Icing by Tobias Enstrom.
18:34 of 3rd period - Mika Zibanejad wins face-off versus Brandon Sutter in Oilers zone.
19:00 of 3rd period - Taylor Hall is hit by Kevin Shattenkirk and loses puck.
19:37 of 3rd period - Snap shot by Patrick Kane.
19:37 of 3rd period - Stopped by Jonas Gustavsson with a rebound.
19:51 of 3rd period - Oilers, Jonas Gustavsson is pulled from the net.
Goals for this period are 0 for Maple Leafs vs 1 for Oilers.
Shots for this period are 8 for Maple Leafs vs 9 for Oilers.